 Seeded DCSS version 0.30-a0-272-gf98c3da03f (webtiles) character file.

Game seed: 9700494114414739991 (custom seed)

32 Psyclone the Conjurer (level 3, 21/21 HPs)
             Began as an Octopode Conjurer on Oct 15, 2022.
             Quit the game on level 1 of the Dungeon.
             The game lasted 00:05:53 (818 turns).

Psyclone the Conjurer (Octopode Conjurer)            Turns: 818, Time: 00:05:53

Health: 21/21      AC:  1    Str:  6    XL:     3   Next: 25%
Magic:  6/6        EV: 13    Int: 22    God:
Gold:   1536       SH:  0    Dex: 10    Spells: 3/6 levels left

rFire   . . .      SeeInvis .    b - +0 short sword
rCold   + . .      Faith    .    (no shield)
rNeg    . . .      Spirit   .    (helmet restricted)
rPois   .          Reflect  .    (no amulet)
rElec   .          Harm     .    c - ring of protection from cold
rCorr   .          Rampage  .    (no ring)
Will    .....                    (no ring)
Stlth   +++.......               (no ring)
HPRegen 0.23/turn                (no ring)
MPRegen 0.10/turn                (no ring)
                                 (no ring)
                                 (no ring)

@: no status effects
A: almost no armour, amphibious, 8 rings, camouflage 1, gelatinous body 1,
(nimble swimmer 1), tentacles
a: no special abilities


You were on level 1 of the Dungeon.
You visited 1 branch of the dungeon, and saw 1 of its levels.

You collected 1536 gold pieces.

Inventory:

Hand Weapons
 b - a +0 short sword (weapon)
Missiles
 d - 8 poisoned darts
Jewellery
 c - a ring of protection from cold (left tentacle)
Scrolls
 f - a scroll of fog {unknown}
 g - a scroll of amnesia {unknown}
Potions
 a - a potion of magic
 e - 3 potions of berserk rage {unknown}


   Skills:
 + Level 2.4 Dodging
 + Level 3.4 Stealth
 + Level 2.4 Spellcasting
 + Level 4.2 Conjurations


You had 3 spell levels left.
You knew the following spells:

 Your Spells              Type           Power      Damage    Failure   Level
a - Magic Dart            Conj           84%        1d7       2%          1
b - Searing Ray           Conj           42%        2d6       3%          2

Your spell library contained the following spells:

 Spells                   Type           Power      Damage    Failure   Level
 Dazzling Flash           Conj/Hex       24%        N/A       17%         3
 Ignite Poison            Fire/Tmut/Pois 2%         N/A       36%         3
 Kindle Blastsparks       Fire/Tloc/Air  4%         2d10      36%         3
 Fulminant Prism          Conj/Hex       6%         3d7       50%         4
 Iskenderun's Mystic Bla  Conj/Tloc      12%        2d5       50%         4
 Freezing Cloud           Conj/Ice/Air   4%         6-21      90%         5


Dungeon Overview and Level Annotations

Branches:
Dungeon (1/15) Zot: 5183

Altars:


Innate Abilities, Weirdness & Mutations

You cannot wear most types of armour.
You are amphibious.
You can wear up to eight rings at the same time.
Your skin changes colour to match your surroundings (Stealth+).
Your rubbery body absorbs attacks. (AC +1, EV +1)
((You are camouflaged when in or above water. (Stealth+)))
You have tentacles for arms and can constrict up to eight enemies at once.


Message History

The giant cockroach is almost dead.
You now have 3/6 mp.
A giant cockroach is nearby!
Casting: Magic Dart (safe; 2% risk of failure)
Confirm with . or Enter, or press ? or * to list all spells.
Aiming: Magic Dart (safe; 2% risk of failure)
Press: ? - help, Shift-Dir - straight line, f/p - giant cockroach
Aim: a giant cockroach (almost dead, 100% to hit)
The magic dart hits the giant cockroach.
You kill the giant cockroach!
You now have 2/6 mp.
A frilled lizard comes into view.
MP restored: 6
Casting: Magic Dart (safe; 2% risk of failure)
Confirm with . or Enter, or press ? or * to list all spells.
Aiming: Magic Dart (safe; 2% risk of failure)
Press: ? - help, Shift-Dir - straight line, f - frilled lizard
Aim: a frilled lizard (asleep, 100% to hit)
The magic dart hits the frilled lizard.
You kill the frilled lizard!
You now have 5/6 mp.
Casting: Magic Dart (safe; 2% risk of failure)
Confirm with . or Enter, or press ? or * to list all spells.
You can't see any susceptible monsters within range! (Use Z to cast anyway.) Unknown command.
Done exploring.
MP restored: 6 Done exploring.
This is a scroll of acquirement!
You see here a Trismegistus Codex.
Something appears before you!
You pick up a Trismegistus Codex and begin reading...
You add the spells Kindle Blastsparks, Ignite Poison and Freezing Cloud to your library.
Okay, then.
Something appears before you!
You now have 1010 gold pieces (gained 997).
Something appears before you!
You now have 1536 gold pieces (gained 526).
Unknown command.
Unknown command.
Are you sure you want to abandon this character and quit the game? (Confirm with "yes".)

####...........###..
#..##.........)..#..
#...#####.###.......
##..## #...#.......
#...## ###.#......#
#.#..#####.#......#
#.##.......#.#....#
#.########........#
#.@# #......... ##.#
#.......#. #.#
#......... #.####
#.........
######<######...#...
#......)....#.......
##)####'####'#..##.##
#..#.##.).......##.##
#..........#######..#


There were no monsters in sight!

Vanquished Creatures
  A dart slug (D:1)
  An endoplasm (D:1)
  3 giant cockroaches (D:1)
  2 goblins (D:1)
  3 hobgoblins (D:1)
  3 jackals (D:1)
  2 kobolds (D:1)
  2 quokkas (D:1)
  A ball python (D:1)
  9 frilled lizards (D:1)
27 creatures vanquished.

Vanquished Creatures (others)
  7 plants (D:1)
7 creatures vanquished.

Grand Total: 34 creatures vanquished

Notes
Turn   | Place    | Note
-------+----------+-------------------------------------------
     0 | D:1      | Psyclone the Octopode Conjurer began the quest for the Orb.
     0 | D:1      | Reached XP level 1. HP: 11/11 MP: 3/3
   141 | D:1      | Reached XP level 2. HP: 16/17 MP: 0/5
   263 | D:1      | Learned a level 2 spell: Searing Ray
   473 | D:1      | Reached XP level 3. HP: 21/21 MP: 1/6
   812 | D:1      | Identified 3 scrolls of acquirement
   812 | D:1      | Acquired a Trismegistus Codex
   814 | D:1      | Acquired 997 gold pieces
   816 | D:1      | Acquired 526 gold pieces
   818 | D:1      | Quit the game

Illustrated notes

Levels and vault maps discovered:
D:1:      minmay_arrival_three_doors, layout_rooms, minmay_lizard_king

Skill      XL: |  1 |
---------------+----+-----
Stealth        | 3 |  3.4
Dodging        | |  2.4
Spellcasting   | |  2.4
Conjurations   | |  4.2

Action                   || total
-------------------------++-------
Melee: Short sword       ||    24
       Constrict         ||     4
       Tentacles         ||     3
 Cast: Magic Dart        ||    40
  Use: Scroll            ||     3
 Stab: Sleeping          ||     1
Armor: Skin              ||     3
Dodge: Dodged            ||    10

Table legend: (Time is in decaauts)
 A = Elapsed time spent in this place.
 B = Non-inter-level travel time spent in this place.
 C = Inter-level travel time spent in this place.
 D = Time resting spent in this place.
 E = Time spent auto-exploring this place.
 F = Levels seen in this place.
 G = Mean time per level.
                   A        B        C        D        E       F      G
               +--------+--------+--------+--------+--------+-----+--------+
         Total |    817 |    817 |      0 |    223 |    330 |   1 |  817.0 |
       Dungeon |    817 |    817 |      0 |    223 |    330 |   1 |  817.0 |
               +--------+--------+--------+--------+--------+-----+--------+

Top non-repeatable levels by time:
     D:1: 817 daAuts
